 Dungeon Sprint DCSS version 0.24-a0-284-g9fb9971df1 (webtiles) character file.

Game seed: 16548797838098719211

12300000 Hercules1031 the Formicid Barricade (level 27, -44/249 HPs)
             Began as a Formicid Fighter on May 7, 2019.
             Was the Champion of Makhleb.
             Killed from afar by a wretched soul (75 damage)
             ... with a bolt of negative energy
             ... in the Dungeon (Sprint VIII: "Arena of Blood").
             The game lasted 00:08:26 (123 turns).

Hercules1031 the Formicid Barricade (FoFi)           Turns: 123, Time: 00:08:27

Health: -44/249    AC: 12    Str: 35    XL:     27
Magic:  45/54      EV: 25    Int: 10    God:    Makhleb [******]
Gold:   0          SH: 19    Dex: 12    Spells: 80/80 levels left

rFire    . . .     SeeInvis +   l - +∞ Axe of Woe
rCold    . . .     Gourm    .   c - +0 shield
rNeg     . . .     Faith    .   b - +0 scale mail
rPois    .         Spirit   .   (helmet unavailable)
rElec    .         Reflect  .   (no cloak)
rCorr    .         Harm     .   (no gloves)
MR       ++...                  (no boots)
Stlth    ++++++++..             (no amulet)
HPRegen  0.51/turn              (no ring)
MPRegen  0.34/turn              (no ring)

@: mighty, lethally poisoned (-44 -> -86), drained
A: permanent stasis, dig shafts and tunnels, four strong arms, antennae 3
a: Dig, Minor Destruction, Lesser Servant of Makhleb, Major Destruction, Greater
Servant of Makhleb, Renounce Religion


You were in the Dungeon.
You worshipped Makhleb.
Makhleb was exalted by your worship.
You were not hungry.

You visited 1 branch

Inventory:

Hand Weapons
 a - a +0 war axe
 l - the +∞ Axe of Woe (weapon)
   (You found it in the Dungeon)
Armour
 b - a +0 scale mail (worn)
 c - a +0 shield (worn)
Scrolls
 k - a scroll of blinking
Potions
 h - a potion of haste
 i - 2 potions of magic
 j - a potion of berserk rage
Comestibles
 f - a ration


   Skills:
 O Level 27(25.5) Fighting
 O Level 27(25.5) Axes
 O Level 27(25.5) Throwing
 O Level 27(25.5) Armour
 O Level 27(25.5) Dodging
 O Level 27(25.5) Stealth
 O Level 27(25.5) Shields
 O Level 27(25.5) Unarmed Combat
 O Level 27(25.5) Spellcasting
 O Level 27(25.5) Invocations


You had 80 spell levels left.
You didn't know any spells.
Your spell library was empty.

Dungeon Overview and Level Annotations

Branches:
Dungeon (1/1)

Altars:
Makhleb


Innate Abilities, Weirdness & Mutations

You cannot be hasted, slowed, berserked, paralysed or teleported.
You can dig through walls and to a lower floor.
Your four strong arms can wield two-handed weapons with a shield.
You have a pair of large antennae on your head. (SInv)


Message History

The tyrant seems to speed up.
You hear a shout!
You lop one of the eight-headed meat hydra's heads off!
The seven-headed meat hydra grows two more!
You carve the nine-headed meat hydra like a ham!!!!
You chop the nine-headed meat hydra into pieces.
You kill the nine-headed meat hydra!
Makhleb accepts your kill.
You feel very sick.
You hear a shout!
The eight-headed meat hydra calls on the powers of darkness!
The eight-headed meat hydra convulses!
The bag of meat convulses! x4
Your body is wracked with pain!
* * * LOW HITPOINT WARNING * * *
The scourge convulses!
You hear a shout! x2
The wretched soul breathes negative energy at you.
The bolt of negative energy hits you!!!!
You feel drained.
You die...

###.... .#.X.D. .......
...XXL.
...#.......X.{.... ..
.D..#....%.W.#....V .#
.o..o..#..o..#.......#{
....#..○WV.###.%.. ..###
.o..W.)o).....%.###.....
#.....☼☼#oM..%%.._......
#....{#@)%p.%.#....O#
.###WS†).)..%%#{.<._#
#....#.)))).D#..§..#.
........#))))So.._......
....%.%%)D%)))%.###.....
.......%%))###.......###
......%....L§#.......#{
.....%.p.....#.......# {
%%.#.%.......o.......


You could see an accursed, a tentacled monstrosity, 2 tyrants, 3 eight-headed
meat hydras, a destroyer, 2 scourges, 2 fleshlords, 2 large abominations, 3
wretched souls, a dread and 7 bags of meat.

Vanquished Creatures
  Sigmund (D)
  10 hell beasts (D)
  8 greater mummies (D)
  9 great orbs of eyes (D)
  8 wraiths (D)
  17 vampire knights (D)
  32 ogres (D)
  11 two-headed ogres (D)
  7 liches (D)
  2 hydras (D)
  74 orcs (D)
  5 phantoms (D)
  8 skeletal warriors (D)
  3 sea snakes (D)
  4 large abominations (D)
  4 small abominations (D)
  9 crawling corpses (D)
212 creatures vanquished.

Vanquished Creatures (others)
  9 crawling corpses (D)
9 creatures vanquished.

Grand Total: 221 creatures vanquished

Notes
Turn   | Place    | Note
-------+----------+-------------------------------------------
     0 | D        | Found the +∞ Axe of Woe
     0 | D        | Hercules1031 the Formicid Fighter began the quest for the
                  | Orb.
     0 | D        | Reached XP level 1. HP: 18/18 MP: 1/1
     4 | D        | Became a worshipper of Makhleb the Destroyer
     5 | D        | Noticed a bag of meat
     5 | D        | Noticed a bag of meat
     6 | D        | Noticed a bag of meat
     6 | D        | Noticed a bag of meat
     6 | D        | Noticed a bag of meat
     6 | D        | Noticed a bag of meat
     7 | D        | Noticed a bag of meat
     8 | D        | Killed a bag of meat
     8 | D        | Reached skill level 15 in Shields
     8 | D        | Reached XP level 2. HP: 43/43 MP: 2/2
     8 | D        | Reached XP level 3. HP: 49/49 MP: 3/3
     8 | D        | Reached XP level 4. HP: 56/56 MP: 4/4
     8 | D        | Reached XP level 5. HP: 62/62 MP: 5/5
     8 | D        | Reached XP level 6. HP: 69/69 MP: 6/6
     8 | D        | Reached XP level 7. HP: 75/75 MP: 7/7
     8 | D        | Reached XP level 8. HP: 82/82 MP: 8/8
     8 | D        | Reached XP level 9. HP: 88/88 MP: 9/9
     8 | D        | Reached XP level 10. HP: 95/95 MP: 10/10
     8 | D        | Reached XP level 11. HP: 101/101 MP: 11/11
     8 | D        | Reached XP level 12. HP: 108/108 MP: 12/12
     8 | D        | Noticed a bag of meat
     8 | D        | Noticed a meat berserker
     9 | D        | Killed a bag of meat
     9 | D        | Reached * piety under Makhleb
     9 | D        | Reached skill level 15 in Axes
     9 | D        | Reached XP level 13. HP: 119/119 MP: 13/13
     9 | D        | Killed a bag of meat
     9 | D        | Reached skill level 15 in Dodging
     9 | D        | Reached XP level 14. HP: 129/129 MP: 14/14
     9 | D        | Noticed a bag of meat
     9 | D        | Noticed a bag of meat
    10 | D        | Killed a bag of meat
    10 | D        | Reached XP level 15. HP: 139/139 MP: 15/15
    10 | D        | Noticed a meat berserker
    11 | D        | Reached ** piety under Makhleb
    12 | D        | Reached XP level 16. HP: 150/150 MP: 16/16
    13 | D        | Killed a meat berserker
    13 | D        | Reached *** piety under Makhleb
    13 | D        | Reached XP level 17. HP: 150/163 MP: 17/17
    13 | D        | Noticed a meat berserker
    14 | D        | Reached XP level 18. HP: 175/175 MP: 18/18
    15 | D        | Killed a meat berserker
    15 | D        | Reached **** piety under Makhleb
    15 | D        | Reached skill level 27 in Shields
    15 | D        | Reached skill level 27 in Fighting
    15 | D        | Reached skill level 27 in Armour
    15 | D        | Reached XP level 19. HP: 189/189 MP: 19/19
    17 | D        | Reached skill level 27 in Axes
    17 | D        | Noticed a destroyer
    18 | D        | Noticed a meat berserker
    19 | D        | Killed a meat berserker
    19 | D        | Reached ***** piety under Makhleb
    19 | D        | Reached skill level 27 in Dodging
    19 | D        | Reached XP level 20. HP: 192/197 MP: 19/33
    21 | D        | Noticed a destroyer
    21 | D        | Noticed a meat berserker
    22 | D        | Killed a destroyer
    22 | D        | Reached skill level 27 in Invocations
    22 | D        | Reached XP level 21. HP: 204/204 MP: 19/38
    22 | D        | Noticed a meat berserker
    24 | D        | Killed a meat berserker
    24 | D        | Noticed a destroyer
    25 | D        | Noticed a meat berserker
    26 | D        | Reached XP level 22. HP: 212/212 MP: 20/43
    26 | D        | Noticed a destroyer
    27 | D        | Noticed a destroyer
    29 | D        | Noticed a meat berserker
    29 | D        | Killed a destroyer
    30 | D        | Killed a meat berserker
    30 | D        | Reached skill level 27 in Stealth
    30 | D        | Reached XP level 23. HP: 219/219 MP: 21/50
    30 | D        | Reached ****** piety under Makhleb
    30 | D        | Noticed a large bag of meat
    31 | D        | Noticed a large bag of meat
    31 | D        | Noticed a large bag of meat
    32 | D        | Killed a destroyer
    32 | D        | Reached skill level 27 in Throwing
    32 | D        | Reached skill level 27 in Unarmed Combat
    32 | D        | Reached skill level 27 in Spellcasting
    32 | D        | Reached XP level 24. HP: 227/227 MP: 21/54
    33 | D        | Noticed a large bag of meat
    33 | D        | Noticed a large bag of meat
    35 | D        | Reached XP level 25. HP: 234/234 MP: 22/54
    37 | D        | Killed a large bag of meat
    37 | D        | Killed a destroyer
    37 | D        | Reached XP level 26. HP: 242/242 MP: 23/54
    37 | D        | Noticed a large bag of meat
    38 | D        | Killed a large bag of meat
    38 | D        | Noticed a destroyer
    39 | D        | Noticed a destroyer
    40 | D        | Reached XP level 27. HP: 249/249 MP: 23/54
    40 | D        | Noticed a large bag of meat
    41 | D        | Killed a destroyer
    42 | D        | Killed a large bag of meat
    43 | D        | Killed a large bag of meat
    44 | D        | Noticed a destroyer
    46 | D        | Killed a destroyer
    46 | D        | Noticed a large bag of meat
    46 | D        | Noticed a destroyer
    47 | D        | Noticed an accursed
    48 | D        | Noticed an accursed
    48 | D        | Killed a destroyer
    48 | D        | Killed a large bag of meat
    48 | D        | Noticed a tyrant
    49 | D        | Killed a destroyer
    49 | D        | Killed a large bag of meat
    50 | D        | Killed a large bag of meat
    50 | D        | Noticed a tyrant
    50 | D        | Noticed an accursed
    50 | D        | Noticed an accursed
    53 | D        | Killed a tyrant
    54 | D        | Killed a destroyer
    54 | D        | Noticed a tyrant
    56 | D        | Killed a large bag of meat
    57 | D        | Killed an accursed
    58 | D        | Noticed a dread
    60 | D        | Noticed The Captor
    61 | D        | Noticed a destroyer
    62 | D        | Killed an accursed
    62 | D        | Killed a tyrant
    63 | D        | Noticed a meat beast
    63 | D        | Killed an accursed
    64 | D        | Killed a dread
    64 | D        | Noticed a destroyer
    65 | D        | Noticed a meat beast
    65 | D        | Killed a destroyer
    66 | D        | Noticed an accursed
    67 | D        | Noticed a meat beast
    67 | D        | Killed a meat beast
    67 | D        | Noticed a tyrant
    67 | D        | Noticed a large bag of meat
    67 | D        | Noticed a large bag of meat
    69 | D        | Killed a meat beast
    69 | D        | Noticed a destroyer
    70 | D        | Killed The Captor
    70 | D        | Killed a tyrant
    70 | D        | Noticed a meat beast
    71 | D        | Noticed a dread
    71 | D        | Noticed a destroyer
    71 | D        | Noticed a tyrant
    71 | D        | Noticed a destroyer
    72 | D        | Killed a destroyer
    72 | D        | Killed a meat beast
    72 | D        | Noticed a meat beast
    73 | D        | Noticed a dread
    73 | D        | Noticed a meat beast
    73 | D        | Noticed an accursed
    74 | D        | Killed an accursed
    74 | D        | Killed a dread
    74 | D        | Noticed a destroyer
    74 | D        | Noticed a dread
    75 | D        | Killed a destroyer
    76 | D        | Killed a destroyer
    77 | D        | Killed a large bag of meat
    77 | D        | Killed a meat beast
    77 | D        | Noticed an accursed
    78 | D        | Killed an accursed
    78 | D        | Killed a meat beast
    80 | D        | Killed a meat beast
    80 | D        | Killed a tyrant
    83 | D        | Killed a tyrant
    83 | D        | Killed a destroyer
    83 | D        | Noticed a meat beast
    84 | D        | Killed a large bag of meat
    84 | D        | Killed a dread
    85 | D        | Killed an accursed
    85 | D        | Noticed a dread
    88 | D        | Killed a meat beast
    88 | D        | Killed a destroyer
    89 | D        | Killed a dread
    92 | D        | Noticed a tyrant
    93 | D        | Noticed a destroyer
    93 | D        | Noticed a meat beast
    93 | D        | Noticed a dread
    94 | D        | Killed a dread
    95 | D        | Noticed a destroyer
    95 | D        | Noticed a meat beast
    95 | D        | Noticed a meat beast
    95 | D        | Noticed a large bag of meat
    97 | D        | Killed a meat beast
   100 | D        | Noticed an accursed
   101 | D        | Killed a meat beast
   102 | D        | Killed a meat beast
   103 | D        | Noticed an accursed
   104 | D        | Killed a tyrant
   104 | D        | Killed a large bag of meat
   106 | D        | Killed a destroyer
   106 | D        | Noticed a tyrant
   107 | D        | Killed an accursed
   107 | D        | Killed a dread
   108 | D        | Noticed a dread
   108 | D        | Noticed a dread
   109 | D        | Noticed a tyrant
   110 | D        | Noticed a dread
   112 | D        | Killed an accursed
   116 | D        | Noticed a destroyer
   117 | D        | Killed a destroyer
   117 | D        | Killed a tyrant
   119 | D        | Noticed a tyrant
   120 | D        | Noticed a fleshlord
   120 | D        | Killed a dread
   121 | D        | Killed a dread
   123 | D        | Noticed a fleshlord
   123 | D        | Killed from afar by a wretched soul

Levels and vault maps discovered:
D:        meatsprint

Skill      XL: |  1  2  3  4  5  6  7  8  9 10 11 12 13 14 15 16 17 18 19 20 21 22 23 |
---------------+----------------------------------------------------------------------+-----
Fighting       | 14 16 17 19 20 23 24 27 | 27.0
Axes           | 13 15 16 17 19 21 22 25 27 | 27.0
Armour         | 14 16 17 19 20 23 24 27 | 27.0
Dodging        | 12 14 15 16 17 20 21 23 27 | 27.0
Shields        | 15 17 19 20 22 24 26 27 | 27.0
Throwing       | 9 17 23 27 | 27.0
Stealth        | 11 21 27 | 27.0
Unarmed Combat | 9 17 23 27 | 27.0
Spellcasting   | 9 17 23 27 | 27.0
Invocations    | 11 27 | 27.0

Action                   |  1- 3 |  4- 6 |  7- 9 | 10-12 | 13-15 | 16-18 | 19-21 | 22-24 | 25-27 || total
-------------------------+-------+-------+-------+-------+-------+-------+-------+-------+-------++-------
Melee: Executioner's axe |     1 |       |       |     1 |     3 |     3 |     7 |     7 |    76 ||    98
Invok: Greater Servant o |       |       |       |       |       |       |     1 |       |       ||     1
  Use: Potion            |       |       |       |       |       |       |       |       |     3 ||     3
Armor: Scale mail        |       |       |       |       |       |       |       |       |     2 ||     2
Dodge: Dodged            |       |       |       |       |       |       |       |       |     6 ||     6
Block: Shield            |       |       |       |       |       |     1 |       |       |     8 ||     9

Table legend:
 A = Non-vault XP
 B = Vault XP
 C = Vault XP percentage of total XP
 D = Non-vault monster count
 E = Vault monster count
 F = Vault count percentage of total count
                 A         B        C        D         E       F
            +---------+---------+-------+---------+---------+-------
      Total | 5645578 | 1569238 |  21.8 |     120 |      83 |  40.9
            +---------+---------+-------+---------+---------+-------
          D | 5645578 | 1569238 |  21.8 |     120 |      83 |  40.9
            +---------+---------+-------+---------+---------+-------
